 Dungeon Crawl Stone Soup version 0.30-a0-870-gc5d4c5acee (webtiles) character file.

Game seed: 2938614050686489352

94 BlueFish the Sneak (level 4, 0/30 HPs)
             Began as a Vampire Enchanter on Mar 11, 2023.
             Succumbed to an adder's poison
             ... on level 2 of the Dungeon.
             The game lasted 00:03:21 (1050 turns).

BlueFish the Sneak (Vampire Enchanter)              Turns: 1050, Time: 00:03:21

Health: 0/30       AC:  2    Str:  5 (7)  XL:     4   Next: 38%
Magic:  7/7        EV: 12    Int: 14 (17) God:
Gold:   23         SH:  0    Dex: 13 (16) Spells: 2/7 levels left

rFire   . . .      SeeInvis +    l - +4 falchion (elec)
rCold   . . .      Faith    .    (no shield)
rNeg    . . .      Spirit   .    b - +0 robe
rPois   .          Reflect  .    (no helmet)
rElec   .          Rampage  .    (no cloak)
rCorr   .                        (no gloves)
Will    .....                    (no boots)
Stlth   +++                      (no amulet)
HPRegen 0.45/turn                (no ring)
MPRegen 0.10/turn                (no ring)

@: brilliant, lethally poisoned (0 -> -5), healing quickly
A: alive, fangs 3, see invisible, vampiric 2
a: Exsanguinate


You were on level 2 of the Dungeon.
You visited 1 branch of the dungeon, and saw 2 of its levels.

You collected 23 gold pieces.

Inventory:

Hand Weapons
 a - a +1 dagger
 l - a +4 falchion of electrocution (weapon)
Missiles
 d - 3 poisoned darts (quivered)
 e - 2 boomerangs
 r - 2 curare-tipped darts
Armour
 b - a +0 robe (worn)
Jewellery
 i - a +6 ring of strength
Scrolls
 f - 3 scrolls of identify {unknown}
 h - a scroll of immolation {unknown}
 k - a scroll of fear {unknown}
 m - a scroll of enchant weapon {unknown}
 o - a scroll of teleportation {unknown}
Potions
 c - 2 potions of invisibility
 g - a potion of brilliance
 j - a potion of might {unknown}
 n - a potion of lignification {unknown}
 p - a potion of mutation {unknown}


   Skills:
 + Level 2.2(2.4) Short Blades
 + Level 1.1(1.7) Long Blades
 + Level 3.0 Dodging
 + Level 5.1 Stealth
 + Level 2.4 Spellcasting
 + Level 5.1 Hexes


You had 2 spell levels left.
You knew the following spells:

 Your Spells              Type           Power      Damage    Failure   Level
a - Ensorcelled Hibernat  Hex/Ice        26%        N/A       12%         2
b - Confusing Touch       Hex            24%        N/A       9%          3

Your spell library contained the following spells:

 Spells                   Type           Power      Damage    Failure   Level
 Magic Dart               Conj           8%         1d3       22%         1
 Call Imp                 Summ           2%         N/A       34%         2
 Tukima's Dance           Hex            24%        N/A       9%          3
 Dazzling Flash           Conj/Hex       26%        N/A       24%         3
 Mephitic Cloud           Conj/Pois/Air  2%         N/A       56%         3


Dungeon Overview and Level Annotations

Branches:
Dungeon (2/15)

Altars:


Innate Abilities, Weirdness & Mutations

Your natural rate of healing is accelerated.
You have razor-sharp teeth.
You have supernaturally acute eyesight. (SInv)
You are afflicted with vampirism and can become a bat while bloodless.


Message History

You feel sick. The adder bites you.
You closely miss the adder.
The adder is heavily wounded.
You feel sick. The adder bites you.
You are more poisoned.
The adder poisons you! The adder barely misses you.
You hit the adder.
The adder is severely wounded.
You feel sick. The adder barely misses you.
You barely miss the adder. Your punch misses the adder.
The adder is severely wounded.
You feel sick. The adder bites you. The adder barely misses you.
You closely miss the adder.
The adder is severely wounded.
You feel sick. The adder bites you.
You closely miss the adder.
The adder is severely wounded.
You feel sick. The adder closely misses you. The adder bites you.
You are more poisoned.
The adder poisons you!
You closely miss the adder.
The adder is severely wounded.
You feel sick. The adder closely misses you. The adder bites you.
* * * LOW HITPOINT WARNING * * *
You are lethally poisoned!
The adder poisons you!
You barely miss the adder. You bite the adder.
The adder is almost dead.
* * * LOW HITPOINT WARNING * * *
You feel very sick. The adder bites you.
* * * LOW HITPOINT WARNING * * *
It was a potion of degeneration.
There was something very wrong with that liquid.
You feel weakened.
You feel dopey.
You feel clumsy.
* * * LOW HITPOINT WARNING * * *
You feel sick. The adder bites you but does no damage. The adder misses you.
It was a potion of brilliance.
You feel clever all of a sudden.
You die...

### ##.##
##.#.#######
#.###......#
#######....#####.#
....##....)# #S#
...........# #@####
###.##.....# #....#
#.......## ####.#
######.## #.# #.#
#.# #.# #.# #.#
#####.#############
#.#
#............†....#
#.#
#.#############.#.#


You could see an adder.

Vanquished Creatures
  5 adders (D:2)
  A worm (D:2)
  A dart slug (D:2)
  3 orcs (D:2)
  4 endoplasms
  2 giant cockroaches
  2 goblins
  4 hobgoblins
  4 kobolds
  2 quokkas
  5 ball pythons
  2 bats
  2 frilled lizards (D:1)
  5 rats
42 creatures vanquished.

Notes
Turn   | Place    | Note
-------+----------+-------------------------------------------
     0 | D:1      | BlueFish the Vampire Enchanter began the quest for the Orb.
     0 | D:1      | Reached XP level 1. HP: 13/13 MP: 3/3
   106 | D:1      | Reached XP level 2. HP: 19/19 MP: 5/5
   541 | D:2      | Gained mutation: You are afflicted with vampirism and can
                  | become a bat while bloodless. [Vampire growth]
   541 | D:2      | Reached XP level 3. HP: 14/24 MP: 6/6
   711 | D:2      | Reached skill level 5 in Stealth
   747 | D:2      | Reached skill level 5 in Hexes
   749 | D:2      | Reached XP level 4. HP: 23/30 MP: 7/7
   777 | D:2      | Learned a level 2 spell: Ensorcelled Hibernation
   781 | D:2      | Learned a level 3 spell: Confusing Touch
   849 | D:2      | Reached skill level 1 in Long Blades
  1050 | D:2      | Succumbed to an adder's poison

Illustrated notes

Levels and vault maps discovered:
D:1:      evilmike_arrival_hilbert_curve, layout_rooms, minmay_misc_feat_room,
          minmay_pentomino_r2
D:2:      layout_loops_ring, kennysheep_generic_room_16, uniq_robin

Skill      XL: |  1  2  3  4 |
---------------+-------------+-----
Stealth        | 5 |  5.1
Short Blades   | 2 |  2.2
Hexes          | 5 |  5.1
Long Blades    | 1 |  1.1
Dodging        | 3 |  3.0
Spellcasting   | |  2.4

Action                     |  1- 3 |  4- 6 || total
---------------------------+-------+-------++-------
  Melee: Dagger            |    43 |       ||    43
         Bite              |    10 |     2 ||    12
         Falchion          |    38 |    24 ||    62
         Punch             |     1 |       ||     1
    Use: Potion            |       |     2 ||     2
   Stab: Sleeping          |    10 |     3 ||    13
 Armour: Robe              |    11 |     7 ||    18
  Dodge: Dodged            |    63 |    11 ||    74

Table legend: (Time is in decaauts)
 A = Elapsed time spent in this place.
 B = Non-inter-level travel time spent in this place.
 C = Inter-level travel time spent in this place.
 D = Time resting spent in this place.
 E = Time spent auto-exploring this place.
 F = Levels seen in this place.
 G = Mean time per level.
                   A        B        C        D        E       F      G
               +--------+--------+--------+--------+--------+-----+--------+
         Total |   1061 |   1056 |      5 |      7 |    572 |   2 |  530.5 |
       Dungeon |   1061 |   1056 |      5 |      7 |    572 |   2 |  530.5 |
               +--------+--------+--------+--------+--------+-----+--------+

Top non-repeatable levels by time:
     D:2: 619 daAuts
     D:1: 442 daAuts
